 Dungeon Crawl Stone Soup version 0.25-a0-989-gc08aec6 (webtiles) character file.

Game seed: 8716421955496359224, levelgen mode: deterministic

59 Illumine the Firebug (level 3, -1/19 HPs)
             Began as a Deep Elf Fire Elementalist on May 9, 2020.
             Slain by a leopard gecko (5 damage)
             ... on level 2 of the Dungeon.
             The game lasted 00:03:56 (1159 turns).

Illumine the Firebug (Deep Elf Fire Elementalist)   Turns: 1159, Time: 00:03:56

Health: -1/19      AC:  3    Str:  5    XL:     3   Next: 78%
Magic:  2/10       EV: 13    Int: 20    God:
Gold:   26         SH:  0    Dex: 15    Spells: 5/9 levels left

rFire    . . .     SeeInvis .   g - +0 dagger
rCold    . . .     Gourm    .   (no shield)
rNeg     . . .     Faith    .   a - +0 robe
rPois    .         Spirit   .   (no helmet)
rElec    .         Reflect  .   o - +0 cloak
rCorr    .         Harm     .   (no gloves)
MR       .....                  (no boots)
Stlth    ++........             (no amulet)
HPRegen  0.06/turn              (no ring)
MPRegen  0.12/turn              (no ring)

@: heavily drained
A: no striking features
a: no special abilities


You were on level 2 of the Dungeon.
You were not hungry.

You visited 1 branch of the dungeon, and saw 2 of its levels.

You collected 26 gold pieces.

Inventory:

Hand Weapons
 g - a +0 dagger (weapon)
 l - a +0 club
Missiles
 d - 30 stones (quivered)
 j - 3 javelins
Armour
 a - a +0 robe (worn)
 e - a +0 kite shield
 o - a +0 cloak (worn)
Jewellery
 f - an uncursed amulet of harm
Scrolls
 h - a scroll of fog {unknown}
 k - a scroll of immolation {unknown}
 m - a scroll of remove curse {unknown}
 n - a scroll of identify {unknown}
Potions
 b - a potion of curing {unknown}
 i - 2 potions of lignification {unknown}
Comestibles
 c - 3 rations
 p - 2 chunks of flesh


   Skills:
 + Level 0.1(0.0) Fighting
 + Level 3.2(2.1) Dodging
 - Level 2.4(1.3) Stealth
 + Level 3.7(2.5) Spellcasting
 + Level 2.0(0.9) Conjurations
 + Level 3.9(2.7) Fire Magic


You had 5 spell levels left.
You knew the following spells:

 Your Spells              Type           Power        Failure   Level  Hunger
a - Foxfire               Conj/Fire      #...         7%          1    None
b - Conjure Flame         Conj/Fire      #.......     22%         3    ###....

Your spell library contained the following spells:

 Spells                   Type           Power        Failure   Level  Hunger
 Inner Flame              Hex/Fire       #.......     26%         3    ###....
 Sticky Flame             Conj/Fire      #.......     56%         4    ####...
 Fireball                 Conj/Fire      #.........   89%         5    ######.


Dungeon Overview and Level Annotations

Branches:
Dungeon (2/15)

Altars:


Message History

You hit the goblin.
You kill the goblin!
The leopard gecko bites you. The leopard gecko barely misses you.
Your magical contamination has completely faded away.
Things that are here:
a goblin corpse; a rat corpse; a hobgoblin corpse
Casting: Foxfire (safe; 7% risk of failure)
Confirm with . or Enter, or press ? or * to list all spells.
You conjure some foxfire!
The leopard gecko bites you.
* * * LOW HITPOINT WARNING * * *
The foxfire hits the leopard gecko.
The leopard gecko is heavily wounded.
The foxfire hits the leopard gecko but does no damage.
The leopard gecko is heavily wounded.
Casting: Foxfire (safe; 7% risk of failure)
Confirm with . or Enter, or press ? or * to list all spells.
You conjure some foxfire!
The leopard gecko barely misses you. The leopard gecko bites you.
You die...

#.# #.####........#
##. ..#
#.........)...######.
.#
####.....##..........
# .
..........#..##### ##
.##>#......v#..# .%.
#......###.§#.##
....#
...###.####.§..##
..... .#
#.lv#####..##.....#
###@†##......<....#
##v......#####...
####....# #.....#
#..........
........#####
...##.....# ..
..g.$.. . ###.###..


You could see a leopard gecko.

Vanquished Creatures
  2 adders (D:2)
  An ooze (D:1)
  A dart slug (D:1)
  A leopard gecko (D:1)
  A ball python (D:1)
  5 bats
  2 goblins (D:2)
  4 hobgoblins
  4 jackals (D:1)
  A frilled lizard (D:1)
  5 kobolds
  6 rats
33 creatures vanquished.

Vanquished Creatures (others)
  63 foxfires
63 creatures vanquished.

Grand Total: 96 creatures vanquished

Notes
Turn   | Place    | Note
-------+----------+-------------------------------------------
     0 | D:1      | Illumine the Deep Elf Fire Elementalist began the quest for
                  | the Orb.
     0 | D:1      | Reached XP level 1. HP: 10/10 MP: 6/6
   330 | D:1      | Reached XP level 2. HP: 15/15 MP: 5/8
   707 | D:1      | Reached XP level 3. HP: 19/19 MP: 5/9
   782 | D:1      | Learned a level 3 spell: Conjure Flame
  1159 | D:2      | Slain by a leopard gecko

Illustrated notes

Levels and vault maps discovered:
D:1:      onia_arrival_mini_maze_b, layout_basic
D:2:      layout_rooms, minmay_split_cup_large

Skill      XL: |  1  2  3 |
---------------+----------+-----
Dodging        | 3 |  3.2
Conjurations   | 2 |  2.0
Fighting       | |  0.1
Stealth        | |  2.4
Spellcasting   | |  3.7
Fire Magic     | |  3.9

Action                   || total
-------------------------++-------
Melee: Dagger            ||     6
 Cast: Foxfire           ||    53
  Eat: Chunk             ||     1
Armor: Robe              ||     3
Dodge: Dodged            ||    24

Table legend:
 A = Non-vault XP
 B = Vault XP
 C = Vault XP percentage of total XP
 D = Non-vault monster count
 E = Vault monster count
 F = Vault count percentage of total count
                 A         B        C        D         E       F
            +---------+---------+-------+---------+---------+-------
      Total |      83 |       2 |   2.4 |      32 |       1 |   3.0
            +---------+---------+-------+---------+---------+-------
        D:1 |      47 |       0 |   0.0 |      24 |       0 |   0.0
        D:2 |      36 |       2 |   5.3 |       8 |       1 |  11.1
            +---------+---------+-------+---------+---------+-------
